| TOP OF THE 1ST |
|
Oakland Oaks batting - Pitching for Palm Beach Nationals : LHP Kevin Besser
|
|
Pitching: LHP Kevin Besser
|
|
|
Batting: RHB Scott Lister
|
0-0: Foul Ball, location: 2F 0-1: Ball 1-1: Foul Ball, location: 2F 1-2: Ball 2-2: Fly out, F9 (Flyball, 9LD, EV 99.4 MPH)
|
|
Batting: RHB Brian Callaghan
|
0-0: Ball 1-0: Ground out 5-3 (Groundball, 5, EV 83.8 MPH)
|
|
Batting: LHB Alejandro Muniz
|
0-0: Ground out 6-3 (Groundball, 6, EV 86.3 MPH)
|
| Top of the 1st over - 0 runs, 0 hits, 0 errors, 0 left on base; Oakland 0 - Palm Beach 0 |
| BOTTOM OF THE 1ST |
|
Palm Beach Nationals batting - Pitching for Oakland Oaks : RHP John Shutt
|
|
Pitching: RHP John Shutt
|
|
|
Batting: RHB Bobby Bricker
|
0-0: Ball 1-0: Ball 2-0: Called Strike 2-1: Called Strike 2-2: Strikes out swinging
|
|
Batting: RHB Antonio Vallez
|
0-0: Ball 1-0: Ground out 5-3 (Groundball, 5L, EV 101.3 MPH)
|
|
Batting: RHB Steve Bauman
|
0-0: Ball 1-0: Foul Ball, location: 2F 1-1: Called Strike 1-2: Strikes out looking
|
| Bottom of the 1st over - 0 runs, 0 hits, 0 errors, 0 left on base; Oakland 0 - Palm Beach 0 |
| TOP OF THE 2ND |
|
Oakland Oaks batting - Pitching for Palm Beach Nationals : LHP Kevin Besser
|
|
Batting: SHB Steve Salafia
|
0-0: Ball 1-0: Ball 2-0: Swinging Strike 2-1: SINGLE (Line Drive, 7S, EV 103.8 MPH)
|
|
Batting: LHB Mike Murphy
|
0-0: Ball 1-0: Called Strike 1-1: Ball 2-1: Ball 3-1: Base on Balls Steve Salafia to second
|
|
Batting: LHB Marcus Pollard
|
0-0: Fly out, F4 (Line Drive, 4, EV 75.0 MPH) Lined into DP, 4-6 (Line Drive, 4, EV 75.0 MPH)
|
|
Batting: LHB Felipe Gomez
|
0-0: Ball 1-0: Foul Ball, location: 2F 1-1: Called Strike 1-2: Ball 2-2: Strikes out swinging
|
| Top of the 2nd over - 0 runs, 1 hit, 0 errors, 1 left on base; Oakland 0 - Palm Beach 0 |
| BOTTOM OF THE 2ND |
|
Palm Beach Nationals batting - Pitching for Oakland Oaks : RHP John Shutt
|
|
Batting: RHB Victor Cintron
|
0-0: Ball 1-0: Ball 2-0: Swinging Strike 2-1: Ball 3-1: Foul Ball, location: 2F 3-2: Strikes out swinging
|
|
Batting: RHB Justin Van Houten
|
0-0: Ball 1-0: Called Strike 1-1: Swinging Strike 1-2: Strikes out swinging
|
|
Batting: LHB Chance McWilliams
|
0-0: Foul Ball, location: 2F 0-1: Ground out 4-3 (Groundball, 4D, EV 76.3 MPH)
|
| Bottom of the 2nd over - 0 runs, 0 hits, 0 errors, 0 left on base; Oakland 0 - Palm Beach 0 |
| TOP OF THE 3RD |
|
Oakland Oaks batting - Pitching for Palm Beach Nationals : LHP Kevin Besser
|
|
Batting: RHB Jon Coakley
|
0-0: Ground out 6-3 (Groundball, 6MS, EV 78.8 MPH)
|
|
Batting: RHB Alberto Malagon
|
0-0: Foul Ball, location: 2F 0-1: Swinging Strike 0-2: Ball 1-2: Foul Ball, location: 2F 1-2: Ground out 3-1 (Groundball, 34, EV 106.3 MPH)
|
|
Batting: RHB Scott Lister
|
0-0: Ball 1-0: Foul Ball, location: 2F 1-1: Called Strike 1-2: Ball 2-2: Strikes out swinging
|
| Top of the 3rd over - 0 runs, 0 hits, 0 errors, 0 left on base; Oakland 0 - Palm Beach 0 |
| BOTTOM OF THE 3RD |
|
Palm Beach Nationals batting - Pitching for Oakland Oaks : RHP John Shutt
|
|
Pitching: RHP Charlie Shook
|
|
|
Batting: RHB Jelexiz Cuenca
|
0-0: Swinging Strike 0-1: Called Strike 0-2: Foul Ball, location: 2F 0-2: Ball 1-2: Ball 2-2: Strikes out looking
|
|
Batting: RHB Scott Merritt
|
0-0: Ball 1-0: Swinging Strike 1-1: Foul Ball, location: 2F 1-2: Foul Ball, location: 2F 1-2: Foul Ball, location: 2F 1-2: Ball 2-2: Ground out 6-3 (Groundball, 56, EV 86.9 MPH)
|
|
Batting: RHB Lamar Thornton
|
0-0: Called Strike 0-1: Ground out 4-3 (Groundball, 4, EV 86.3 MPH)
|
| Bottom of the 3rd over - 0 runs, 0 hits, 0 errors, 0 left on base; Oakland 0 - Palm Beach 0 |
| TOP OF THE 4TH |
|
Oakland Oaks batting - Pitching for Palm Beach Nationals : LHP Kevin Besser
|
|
Batting: RHB Brian Callaghan
|
0-0: Ground out 6-3 (Groundball, 6, EV 84.4 MPH)
|
|
Batting: LHB Alejandro Muniz
|
0-0: Ball 1-0: Ball 2-0: Foul Ball, location: 2F 2-1: Foul Ball, location: 2F 2-2: SOLO HOME RUN (Flyball, 9D, EV 96.3 MPH), Distance : 375 ft
|
|
Batting: SHB Steve Salafia
|
0-0: SINGLE (Line Drive, 34, EV 97.5 MPH)
|
|
Batting: LHB Mike Murphy
|
0-0: Foul Ball, location: 2F 0-1: Ball 1-1: Fielders Choice at 2nd, 4-6 (Groundball, 34, EV 76.3 MPH)
|
|
Batting: LHB Marcus Pollard
|
0-0: Ball 1-0: Foul Ball, location: 2F 1-1: Ball 2-1: Swinging Strike 2-2: Foul Ball, location: 2F 2-2: Strikes out swinging
|
| Top of the 4th over - 1 run, 2 hits, 0 errors, 1 left on base; Oakland 1 - Palm Beach 0 |
| BOTTOM OF THE 4TH |
|
Palm Beach Nationals batting - Pitching for Oakland Oaks : RHP Charlie Shook
|
|
Batting: RHB Bobby Bricker
|
0-0: Foul Ball, location: 2F 0-1: Ball 1-1: Ball 2-1: Fly out, F7 (Line Drive, 7, EV 93.1 MPH)
|
|
Batting: RHB Antonio Vallez
|
0-0: Foul Ball, location: 2F 0-1: Swinging Strike 0-2: Ball 1-2: Strikes out looking
|
|
Batting: RHB Steve Bauman
|
0-0: Ball 1-0: Foul Ball, location: 2F 1-1: Foul Ball, location: 2F 1-2: DOUBLE (Groundball, 5L, EV 102.5 MPH)
|
|
Batting: RHB Victor Cintron
|
0-0: Swinging Strike 0-1: Swinging Strike 0-2: Ball 1-2: Strikes out swinging
|
| Bottom of the 4th over - 0 runs, 1 hit, 0 errors, 1 left on base; Oakland 1 - Palm Beach 0 |
| TOP OF THE 5TH |
|
Oakland Oaks batting - Pitching for Palm Beach Nationals : LHP Kevin Besser
|
|
Batting: LHB Felipe Gomez
|
0-0: SOLO HOME RUN (Flyball, 9LD, EV 90.6 MPH), Distance : 338 ft
|
|
Batting: RHB Jon Coakley
|
0-0: Ball 1-0: Foul Ball, location: 2F 1-1: Foul Ball, location: 2F 1-2: Fly out, F9 (Flyball, 9D, EV 105.0 MPH)
|
|
Batting: RHB Alberto Malagon
|
0-0: Ball 1-0: Foul Ball, location: 2F 1-1: Ball 2-1: Foul Ball, location: 2F 2-2: Strikes out swinging
|
|
Batting: RHB Scott Lister
|
0-0: Ball 1-0: Swinging Strike 1-1: Foul Ball, location: 2F 1-2: Ball 2-2: Foul Ball, location: 2F 2-2: Strikes out swinging
|
| Top of the 5th over - 1 run, 1 hit, 0 errors, 0 left on base; Oakland 2 - Palm Beach 0 |
| BOTTOM OF THE 5TH |
|
Palm Beach Nationals batting - Pitching for Oakland Oaks : RHP Charlie Shook
|
|
Batting: RHB Justin Van Houten
|
0-0: Ball 1-0: Ball 2-0: Swinging Strike 2-1: Foul Ball, location: 2F 2-2: Foul Ball, location: 2F 2-2: Strikes out swinging
|
|
Batting: LHB Chance McWilliams
|
0-0: Ball 1-0: Ball 2-0: Ball 3-0: Base on Balls
|
|
Batting: RHB Jelexiz Cuenca
|
0-0: Ball 1-0: Fly out, F8 (Line Drive, 8LD, EV 97.5 MPH)
|
|
Batting: RHB Scott Merritt
|
0-0: SINGLE (Groundball, 6MD, EV 98.1 MPH) Chance McWilliams to second
|
|
Batting: RHB Lamar Thornton
|
0-0: Ground out 1-3 (Groundball, 13S, EV 74.4 MPH)
|
| Bottom of the 5th over - 0 runs, 1 hit, 0 errors, 2 left on base; Oakland 2 - Palm Beach 0 |
| TOP OF THE 6TH |
|
Oakland Oaks batting - Pitching for Palm Beach Nationals : LHP Kevin Besser
|
|
Batting: RHB Brian Callaghan
|
0-0: Called Strike 0-1: Ball 1-1: Ball 2-1: Ground out 5-3 (Groundball, 56, EV 78.8 MPH)
|
|
Batting: LHB Alejandro Muniz
|
0-0: Called Strike 0-1: Called Strike 0-2: Ball 1-2: Foul Ball, location: 2F 1-2: Fly out, F4 (Popup, 4MD, EV 50.0 MPH)
|
|
Batting: SHB Steve Salafia
|
0-0: Ground out U3 (Groundball, 13, EV 83.8 MPH)
|
| Top of the 6th over - 0 runs, 0 hits, 0 errors, 0 left on base; Oakland 2 - Palm Beach 0 |
| BOTTOM OF THE 6TH |
|
Palm Beach Nationals batting - Pitching for Oakland Oaks : RHP Charlie Shook
|
|
Batting: RHB Bobby Bricker
|
0-0: Ball 1-0: Ball 2-0: Ball 3-0: Called Strike 3-1: Base on Balls
|
|
Pitching: LHP Kevin Clark
|
|
|
Batting: RHB Antonio Vallez
|
0-0: Ball 1-0: Swinging Strike 1-1: Called Strike Bobby Bricker steals 2nd base (no throw) 1-2: Foul Ball, location: 2F 1-2: Strikes out swinging
|
|
Batting: RHB Steve Bauman
|
0-0: Called Strike 0-1: Ball 1-1: Called Strike 1-2: Ground out 1-3 (Groundball, 34S, EV 68.8 MPH) Bobby Bricker to third
|
|
Batting: RHB Victor Cintron
|
0-0: Ball 1-0: Swinging Strike 1-1: Swinging Strike 1-2: Foul Ball, location: 2F 1-2: Foul Ball, location: 2F 1-2: Foul Ball, location: 2F 1-2: Strikes out swinging
|
| Bottom of the 6th over - 0 runs, 0 hits, 0 errors, 1 left on base; Oakland 2 - Palm Beach 0 |
| TOP OF THE 7TH |
|
Oakland Oaks batting - Pitching for Palm Beach Nationals : LHP Kevin Besser
|
|
Batting: LHB Mike Murphy
|
0-0: Ground out 6-3 (Groundball, 6, EV 81.9 MPH)
|
|
Batting: LHB Marcus Pollard
|
0-0: Swinging Strike 0-1: Called Strike 0-2: Ball 1-2: Ball 2-2: Strikes out swinging
|
|
Batting: LHB Felipe Gomez
|
0-0: Called Strike 0-1: Ball 1-1: Foul Ball, location: 2F 1-2: Foul Ball, location: 2F 1-2: Fly out, F8 (Flyball, 8LXD, EV 111.3 MPH)
|
| Top of the 7th over - 0 runs, 0 hits, 0 errors, 0 left on base; Oakland 2 - Palm Beach 0 |
| BOTTOM OF THE 7TH |
|
Palm Beach Nationals batting - Pitching for Oakland Oaks : LHP Kevin Clark
|
|
Batting: RHB Justin Van Houten
|
0-0: Called Strike 0-1: Foul Ball, location: 2F 0-2: Strikes out swinging
|
|
Batting: LHB Chance McWilliams
|
0-0: Ground out 4-3 (Groundball, 4, EV 106.9 MPH)
|
|
Batting: RHB Jelexiz Cuenca
|
0-0: Foul Ball, location: 2F 0-1: Called Strike 0-2: Strikes out swinging
|
| Bottom of the 7th over - 0 runs, 0 hits, 0 errors, 0 left on base; Oakland 2 - Palm Beach 0 |
| TOP OF THE 8TH |
|
Oakland Oaks batting - Pitching for Palm Beach Nationals : LHP Kevin Besser
|
|
Batting: RHB Jon Coakley
|
0-0: Fly out, F6 (Popup, 6, EV 63.1 MPH)
|
|
Batting: RHB Alberto Malagon
|
0-0: Ball 1-0: Called Strike 1-1: Swinging Strike 1-2: Ball 2-2: Ball 3-2: Strikes out swinging
|
|
Batting: RHB Scott Lister
|
0-0: Called Strike 0-1: Foul Ball, location: 2F 0-2: Ball 1-2: Ball 2-2: Ground out 6-3 (Groundball, 6, EV 106.3 MPH)
|
| Top of the 8th over - 0 runs, 0 hits, 0 errors, 0 left on base; Oakland 2 - Palm Beach 0 |
| BOTTOM OF THE 8TH |
|
Palm Beach Nationals batting - Pitching for Oakland Oaks : LHP Kevin Clark
|
|
Pitching: RHP Alex Garrett
|
|
|
Batting: RHB Scott Merritt
|
0-0: Ball 1-0: Foul Ball, location: 2F 1-1: SINGLE (Groundball, 4MD, EV 111.3 MPH)
|
|
Pinch Hitting: LHB Vince McLane
|
0-0: Swinging Strike 0-1: Foul Ball, location: 2F 0-2: Ball 1-2: Ball 2-2: Foul Ball, location: 2F 2-2: Ball 3-2: Grounds into double play, 3-6-3 (Groundball, 3, EV 92.5 MPH)
|
|
Batting: RHB Bobby Bricker
|
0-0: Called Strike 0-1: Ball 1-1: Ball 2-1: Called Strike 2-2: Ball 3-2: Strikes out looking
|
| Bottom of the 8th over - 0 runs, 1 hit, 0 errors, 0 left on base; Oakland 2 - Palm Beach 0 |
| TOP OF THE 9TH |
|
Oakland Oaks batting - Pitching for Palm Beach Nationals : LHP Kevin Besser
|
|
Now in RF: Vince McLane
|
|
|
Batting: RHB Brian Callaghan
|
0-0: Ball 1-0: Ball 2-0: SINGLE (Groundball, 56S, EV 62.5 MPH) (infield hit)
|
|
Batting: LHB Alejandro Muniz
|
0-0: Ball 1-0: Fly out, F8 (Line Drive, 8RM, EV 92.5 MPH)
|
|
Batting: SHB Steve Salafia
|
0-0: Ball 1-0: Ball Wild Pitch! Brian Callaghan to second 2-0: Intentional Walk
|
|
Batting: LHB Mike Murphy
|
0-0: Ball 1-0: Foul Ball, location: 2F 1-1: Ball 2-1: Foul Ball, location: 2F 2-2: Ball 3-2: Foul Ball, location: 2F 3-2: Foul Ball, location: 2F 3-2: SINGLE (Line Drive, 8RS, EV 98.8 MPH) Brian Callaghan to third Steve Salafia to second Runner from 3rd tries for Home, SAFE, throw by CF to home
|
|
Batting: LHB Marcus Pollard
|
0-0: Foul Ball, location: 2F 0-1: Foul Ball, location: 2F 0-2: Ball 1-2: Strikes out looking
|
|
Batting: LHB Felipe Gomez
|
0-0: Ball 1-0: Fly out, F7 (Line Drive, 7, EV 84.4 MPH)
|
| Top of the 9th over - 1 run, 2 hits, 0 errors, 2 left on base; Oakland 3 - Palm Beach 0 |
| BOTTOM OF THE 9TH |
|
Palm Beach Nationals batting - Pitching for Oakland Oaks : RHP Alex Garrett
|
|
Batting: RHB Antonio Vallez
|
0-0: Foul Ball, location: 2F 0-1: Called Strike 0-2: Ball 1-2: Foul Ball, location: 2F 1-2: Ball 2-2: Strikes out swinging
|
|
Batting: RHB Steve Bauman
|
0-0: Ball 1-0: Swinging Strike 1-1: Fly out, F7 (Line Drive, 7, EV 90.6 MPH)
|
|
Batting: RHB Victor Cintron
|
0-0: Foul Ball, location: 2F 0-1: Ball 1-1: Ball 2-1: Ground out 5-3 (Groundball, 5S, EV 89.4 MPH)
|
| Bottom of the 9th over - 0 runs, 0 hits, 0 errors, 0 left on base; Oakland 3 - Palm Beach 0 |
|